 Dungeon Crawl Stone Soup version 0.30-a0-297-g0ec75d9ef4 (webtiles) character file.

Game seed: 2032708142029599537

104 sluggamer the Firebug (level 4, 0/24 HPs)
             Began as a Deep Elf Fire Elementalist on Oct 18, 2022.
             Slain by Ijyb
             ... wielding a +0 dagger
              (2 damage)
             ... on level 3 of the Dungeon.
             The game lasted 00:09:29 (3895 turns).

sluggamer the Firebug (Deep Elf Fire Elementalist)  Turns: 3895, Time: 00:09:30

Health: 0/24       AC:  2    Str:  5    XL:     4   Next: 52%
Magic:  2/12       EV: 13    Int: 22    God:
Gold:   59         SH:  0    Dex: 15    Spells: 8/11 levels left

rFire   . . .      SeeInvis .    d - +2 short sword (protect)
rCold   . . .      Faith    .    (no shield)
rNeg    . . .      Spirit   .    a - +0 robe
rPois   .          Reflect  .    (no helmet)
rElec   .          Harm     .    (no cloak)
rCorr   .          Rampage  .    (no gloves)
Will    .....                    (no boots)
Stlth   ++........               (no amulet)
HPRegen 0.24/turn                (no ring)
MPRegen 0.13/turn                (no ring)

@: very slightly contaminated
A: no striking features
a: no special abilities


You were on level 3 of the Dungeon.
You visited 1 branch of the dungeon, and saw 3 of its levels.

You collected 59 gold pieces.

Inventory:

Hand Weapons
 d - a +2 short sword of protection (weapon)
Armour
 a - a +0 robe (worn)
Magical Staves
 t - a staff of death
Jewellery
 c - a ring of poison resistance
 e - a ring of flight
 h - an amulet of regeneration
Scrolls
 g - 2 scrolls of enchant armour {unknown}
 i - a scroll of summoning {unknown}
 j - 4 scrolls of teleportation
 l - a scroll of identify
 m - a scroll of amnesia {unknown}
 p - a scroll of vulnerability {unknown}
Potions
 b - a potion of magic
 f - a potion of flight {unknown}
 k - a potion of degeneration {unknown}
 n - a potion of mutation
 o - 3 potions of haste
 q - a potion of might {unknown}
 r - 2 potions of brilliance
 s - a potion of heal wounds {unknown}


   Skills:
 + Level 3.7 Dodging
 - Level 2.5 Stealth
 + Level 4.2 Spellcasting
 - Level 1.1 Conjurations
 - Level 1.2 Necromancy
 + Level 4.2 Fire Magic
 + Level 0.2 Air Magic


You had 8 spell levels left.
You knew the following spells:

 Your Spells              Type           Power      Damage    Failure   Level
a - Foxfire               Conj/Fire      64%        2x1d7     3%          1
b - Scorch                Fire           46%        2d7       3%          2

Your spell library contained the following spells:

 Spells                   Type           Power      Damage    Failure   Level
 Necrotise                Necr           40%        1d6       7%          1
 Apportation              Tloc           8%         N/A       11%         1
 Summon Small Mammal      Summ           16%        N/A       11%         1
 Static Discharge         Conj/Air       14%        2-3/arc   13%         2
 Inner Flame              Hex/Fire       14%        N/A       14%         3
 Kindle Blastsparks       Fire/Tloc/Air  22%        2d11      19%         3
 Vampiric Draining        Necr           10%        2d6       21%         3
 Vhi's Electric Charge    Tloc/Air       10%        N/A       30%         3
 Flame Wave               Conj/Fire      16%        2d7       34%         4
 Agony                    Necr           10%        N/A       88%         5
 Arcjolt                  Conj/Air       3%         1d13      93%         5
 Lightning Bolt           Conj/Air       3%         1d15      93%         5


Dungeon Overview and Level Annotations

Branches:
Dungeon (3/15)

Altars:
Fedhas

Annotations:
D:3 Ijyb


Message History

Ijyb zaps a wand.
Your mind is blasted!
Ouch! That really hurt!
* * * LOW HITPOINT WARNING * * *
There is a stone staircase leading up here.
You climb upwards.
There is a stone staircase leading down here.
You start resting.
HP restored.
You start waiting.
Done waiting.
There is a stone staircase leading down here.
You climb downwards.
Level annotation: Ijyb
There is a stone staircase leading up here.
Casting: Foxfire (safe; 3% risk of failure)
Confirm with . or Enter, or press ? or * to list all spells.
Flames lash the rat.
You kill the rat!
Ijyb zaps a wand.
Your mind is blasted!
Casting: Scorch (safe; 3% risk of failure)
Confirm with . or Enter, or press ? or * to list all spells.
Flames lash Ijyb but do no damage.
Ijyb hits you with a +0 dagger.
Casting: Scorch (safe; 3% risk of failure)
Confirm with . or Enter, or press ? or * to list all spells.
You miscast Scorch.
You are very lightly contaminated with residual magic.
Nothing appears to happen.
Ijyb zaps a wand.
Your mind is blasted!
* * * LOW HITPOINT WARNING * * *
Casting: Scorch (safe; 3% risk of failure)
Confirm with . or Enter, or press ? or * to list all spells.
Flames lash Ijyb.
Ijyb is moderately wounded.
Ijyb's fire resistance burns away.
Ijyb hits you with a +0 dagger.
* * * LOW HITPOINT WARNING * * *
Casting: Scorch (safe; 3% risk of failure)
Confirm with . or Enter, or press ? or * to list all spells.
Flames lash Ijyb.
Ijyb is burned terribly!
Ijyb is severely wounded.
Ijyb hits you with a +0 dagger.
You die...

.................
##########.######
...........#
#...##.....# #
#.#.##..#..## #.
#.#.#.##.##.##### ####..
......#.⌠.#.....
≈≈≈≈≈≈##.##..##.##..##
≈≈≈≈≈≈≈@..#.#..#..####.#
.....≈≈≈g....#.........#
.....†≈≈.....###.#######
####.)≈≈.....#...# ###
#..≈≈..#..#.### #..+
+).≈≈≈....#.# #..#
#..≈≈≈....#.# #..
#..#########≈≈...#.# #..
#..........#≈≈..##.#


You could see Ijyb (combustible).

Vanquished Creatures
  Robin (D:2)
  2 adders
  A dart slug (D:1)
  4 endoplasms
  A giant cockroach (D:2)
  17 goblins
  9 hobgoblins
  3 jackals (D:3)
  2 quokkas
  4 ball pythons
  7 bats
  A frilled lizard (D:1)
  9 kobolds
  7 rats
68 creatures vanquished.

Vanquished Creatures (collateral kills)
  7 foxfires (D:1)
7 creatures vanquished.

Vanquished Creatures (others)
  151 foxfires
  5 plants (D:2)
156 creatures vanquished.

Grand Total: 231 creatures vanquished

Notes
Turn   | Place    | Note
-------+----------+-------------------------------------------
     0 | D:1      | sluggamer the Deep Elf Fire Elementalist began the quest
                  | for the Orb.
     0 | D:1      | Reached XP level 1. HP: 10/10 MP: 6/6
   246 | D:1      | Reached XP level 2. HP: 15/15 MP: 5/8
   249 | D:1      | Learned a level 2 spell: Scorch
  1035 | D:1      | Reached XP level 3. HP: 19/19 MP: 6/10
  1436 | D:2      | Found a blossoming altar of Fedhas.
  1728 | D:2      | Found a faded altar of an unknown god.
  1948 | D:2      | Noticed Robin
  2226 | D:2      | Killed Robin
  2242 | D:2      | Reached XP level 4. HP: 19/24 MP: 0/12
  2615 | D:3      | Reached skill level 1 in Necromancy
  3183 | D:3      | Noticed Ijyb
  3894 | D:3      | HP: 1/24 [Ijyb/+0 dagger (5)]
  3895 | D:3      | Slain by Ijyb

Illustrated notes

Levels and vault maps discovered:
D:1:      roderic_octagonal_star, layout_loops_cross, serial_forest,
          infiniplex_forest_straight_4, infiniplex_forest_side_room,
          infiniplex_forest_join, infiniplex_forest_lined_2
D:2:      layout_basic, shapermc_ecumenical_altar_mp_ritualfount, basic_altar,
          minmay_3d_cube, uniq_robin
D:3:      kennysheep_goblin_castle, layout_basic, overflow_temple_1_default,
          grunt_decor_one_mirror, grunt_ministairs_7

Skill      XL: |  1  2  3  4 |
---------------+-------------+-----
Dodging        | 3 |  3.7
Fire Magic     | 4 |  4.2
Spellcasting   | 4 |  4.2
Necromancy     | 1 |  1.2
Stealth        | |  2.5
Conjurations   | |  1.1
Air Magic      | |  0.2

Action                   |  1- 3 |  4- 6 || total
-------------------------+-------+-------++-------
Melee: Short sword       |     8 |       ||     8
       Punch             |     1 |       ||     1
 Cast: Foxfire           |    53 |    51 ||   104
       Scorch            |    30 |     9 ||    39
  Use: Scroll            |       |     4 ||     4
Armor: Robe              |     3 |       ||     3
Dodge: Dodged            |     6 |     1 ||     7

Table legend: (Time is in decaauts)
 A = Elapsed time spent in this place.
 B = Non-inter-level travel time spent in this place.
 C = Inter-level travel time spent in this place.
 D = Time resting spent in this place.
 E = Time spent auto-exploring this place.
 F = Levels seen in this place.
 G = Mean time per level.
                   A        B        C        D        E       F      G
               +--------+--------+--------+--------+--------+-----+--------+
         Total |   3899 |   3848 |     51 |    969 |   2385 |   3 | 1299.7 |
       Dungeon |   3899 |   3848 |     51 |    969 |   2385 |   3 | 1299.7 |
               +--------+--------+--------+--------+--------+-----+--------+

Top non-repeatable levels by time:
     D:2: 1648 daAuts
     D:1: 1285 daAuts
     D:3: 964 daAuts
